 Dungeon Crawl Stone Soup version 0.30.1-11-g7821555f0a (webtiles) character file.

Game seed: 1253062590021467723

276525 GimliDwarf the Peltast (level 20, -2/160 HPs)
             Began as a Gnoll Warper on Jan 5, 2024.
             Was the Champion of Dithmenos.
             Slain by Agnes
             ... wielding a +2 vampiric lajatang
              (29 damage)
             ... on level 2 of the Elven Halls on Jan 8, 2024.
             The game lasted 03:51:42 (44979 turns).

GimliDwarf the Peltast (Gnoll Warper)              Turns: 44979, Time: 03:51:43

Health: -2/160     AC: 22    Str: 12    XL:     20   Next: 37%
Magic:  38/38      EV: 21    Int: 14    God:    Dithmenos [******]
Gold:   888        SH:  0    Dex: 20    Spells: 8/47 levels left

rFire   + + +        q - +7 long sword (heavy)
rCold   + . .        M - +2 buckler
rNeg    . . .        K - +4 troll leather armour
rPois   .            m - +2 helmet
rElec   +            U - +2 cloak {rCorr}
rCorr   +            u - +0 pair of gloves {Stlth+}
SInv    .            y - +1 pair of boots of Exceptional Liberty {rF++}
Will    +....        x - amulet "Aqim" {Reflect rElec rC+ Int+2 SH+5}
Stlth   ++++++       X - ring of wizardry
HPRegen 1.26/turn    A - +4 ring of slaying
MPRegen 0.26/turn

%: reflection, wizardry (x1)
@: confused, ambrosia-drunk, wreathed by umbra, studying 3 skills
A: fangs 1, strong nose, distributed training, fire resistance 1
}: 2/15 runes: barnacled, gossamer
a: Renounce Religion, Shadow Step, Shadow Form


You were on level 2 of the Elven Halls.
You worshipped Dithmenos.
Dithmenos was exalted by your worship.
You visited 7 branches of the dungeon, and saw 33 of its levels.
You also visited: Ice Cave.

You collected 3962 gold pieces.
You spent 3074 gold pieces at shops.

Inventory:

Hand Weapons
 o - the +6 sling "Josm" {drain, Fragile Will++ MP+9}
   (You took it off a merfolk on level 1 of the Shoals)

   MP:        It affects your magic capacity (+9).
   Fragile:   It will be destroyed if unequipped.
   Will:      It greatly increases your willpower.
 q - a +7 heavy long sword (weapon)
Missiles
 n - 5 curare-tipped darts
 r - 11 javelins
 v - 30 poisoned darts
 w - 41 boomerangs
 C - 12 silver javelins
 F - 2 atropa-tipped darts
Armour
 m - a +2 helmet (worn)
 u - a +0 pair of gloves of stealth (worn)
 y - the +1 pair of boots of Exceptional Liberty (worn) {rF++}
   (You found it on level 4 of the Dungeon)

   rF:        It greatly protects you from fire.
 K - a +4 troll leather armour (worn)
 M - a +2 buckler (worn)
 U - a +2 cloak of preservation (worn)
Jewellery
 i - a ring of magical power
 x - the amulet "Aqim" (around neck) {Reflect rElec rC+ Int+2 SH+5}
   (You found it on level 4 of the Dungeon)

   [amulet of reflection]

   It reflects blocked missile attacks.
   Int:       It affects your intelligence (+2).
   rC:        It protects you from cold.
   rElec:     It insulates you from electricity.
   SH:        It affects your SH (+5).
 A - a +4 ring of slaying (right hand)
 E - a ring of poison resistance
 G - a +4 ring of protection
 L - a ring of see invisible
 T - a ring of flight
 X - a ring of wizardry (left hand)
Wands
 b - a wand of roots (7)
 c - a wand of charming (14)
 t - a wand of digging (5)
 H - a wand of flame (39)
 P - a wand of mindburst (2)
 R - a wand of acid (1)
Scrolls
 a - 2 scrolls of poison
 g - 3 scrolls of brand weapon
 j - 3 scrolls of teleportation
 k - 5 scrolls of fog
 D - a scroll of blinking
 I - 8 scrolls of magic mapping
 N - a scroll of amnesia
 O - 2 scrolls of fear
 Z - 2 scrolls of silence
Potions
 e - 2 potions of might
 f - 7 potions of flight
 l - 3 potions of curing
 p - 3 potions of haste
 s - 3 potions of lignification
 z - 3 potions of invisibility
 B - 3 potions of resistance
 J - 5 potions of cancellation
 Q - a potion of magic
 S - 2 potions of ambrosia
Miscellaneous
 h - a phantom mirror
 W - a lightning rod (4/4)


   Skills:
 + Level 14.3 Fighting
 + Level 13.6 Short Blades
 + Level 14.3 Long Blades
 + Level 13.6 Axes
 + Level 13.6 Maces & Flails
 + Level 13.6 Polearms
 + Level 13.6 Staves
 + Level 13.6 Ranged Weapons
 + Level 13.8 Throwing
 + Level 13.9 Armour
 + Level 14.3 Dodging
 + Level 13.6 Stealth
 + Level 15.1 Shields
 + Level 13.6 Unarmed Combat
 + Level 14.4 Spellcasting
 + Level 11.5 Conjurations
 + Level 11.5 Hexes
 + Level 11.5 Summonings
 + Level 12.2 Necromancy
 + Level 12.7 Translocations
 + Level 11.5 Transmutations
 + Level 11.5 Fire Magic
 + Level 11.5 Ice Magic
 + Level 11.5 Air Magic
 + Level 11.5 Earth Magic
 + Level 11.5 Poison Magic
 + Level 14.7 Invocations
 + Level 13.6 Evocations


You had 8 spell levels left.
You knew the following spells:

 Your Spells              Type           Power      Damage    Failure   Level
a - Blink                 Tloc           90%        N/A       1%          2
b - Vhi's Electric Charg  Tloc/Air       88%        N/A       1%          3
c - Manifold Assault      Tloc           45%        N/A       1%          4
d - Flame Wave            Conj/Fire      42%        2d11      1%          4
e - Petrify               Tmut/Erth      42%        N/A       1%          4
f - Anguish               Hex/Necr       21%        N/A       1%          4
g - Silence               Hex/Air        21%        N/A       1%          5
h - Sticky Flame          Conj/Fire      42%        2d6       1%          4
i - Dispel Undead         Necr           44%        3d17      1%          4
j - Arcjolt               Conj/Air       21%        1d31      1%          5

Your spell library contained the following spells:

 Spells                   Type           Power      Damage    Failure   Level
 Apportation              Tloc           90%        N/A       1%          1
 Necrotise                Necr           100%       1d9       1%          1
 Shock                    Conj/Air       100%       1d9       1%          1
 Summon Small Mammal      Summ           100%       N/A       1%          1
 Cigotuvi's Dreadful Rot  Necr/Pois/Air  86%        N/A       1%          2
 Lesser Beckoning         Tloc           90%        N/A       1%          2
 Static Discharge         Conj/Air       84%        2-6/arc   1%          2
 Sublimation of Blood     Necr           44%        N/A       1%          2
 Wereblood                Tmut           42%        N/A       1%          2
 Call Canine Familiar     Summ           42%        N/A       1%          3
 Gell's Gravitas          Tloc           45%        N/A       1%          3
 Hailstorm                Conj/Ice       42%        3d10      1%          3
 Inner Flame              Hex/Fire       42%        N/A       1%          3
 Summon Guardian Golem    Hex/Summ       42%        N/A       1%          3
 Swiftness                Air            42%        N/A       1%          3
 Teleport Other           Tloc           45%        N/A       1%          3
 Airstrike                Air            21%        2d(3-19)  1%          4
 Cause Fear               Hex            21%        N/A       1%          4
 Fulminant Prism          Conj/Hex       21%        3d12      1%          4
 Passage of Golubria      Tloc           45%        N/A       1%          4
 Summon Lightning Spire   Summ/Air       42%        N/A       1%          4
 Irradiate                Conj/Tmut      21%        3d18      1%          5
 Death Channel            Necr           22%        N/A       4%          6
 Plasma Beam              Fire/Air       21%        2x1d36    4%          6
 Malign Gateway           Summ/Tloc      22%        N/A       21%         7
 Enfeeble                 Hex            21%        N/A       26%         7
 Orb of Destruction       Conj           21%        9d8       26%         7
 Spellforged Servitor     Conj/Summ      21%        N/A       26%         7
 Summon Hydra             Summ           21%        N/A       26%         7
 Lehudib's Crystal Spear  Conj/Erth      21%        10d6      88%         8
 Summon Horrible Things   Summ           21%        N/A       88%         8


Dungeon Overview and Level Annotations

Branches:
Dungeon (15/15)            Temple (1/1) D:6            Lair (5/5) D:8
 Shoals (4/4) Lair:3       Spider (4/4) Lair:3        Slime (0/5) Lair:4
    Orc (2/2) D:11            Elf (2/3) Orc:2        Vaults (0/5) D:14
 Depths (0/4) D:15          IceCv (visited)

Altars:
Ashenzari
Cheibriados
Dithmenos
Elyvilon
Fedhas
Gozag
Hepliaklqana
Kikubaaqudgha
Makhleb
Nemelex Xobeh
Okawaru
Qazlal
Ru
Sif Muna
Trog
Uskayaw
Vehumet
Wu Jian
Xom
Yredelemnul
Zin
The Shining One
Jiyva

Shops:
D:4 *   D:7 =   D:8 ?   D:15 *   Orc:1 *   Orc:2 *[((   Elf:1 =:=   Elf:2 *
Shoals:2 (

Annotations:
D:12 Azrael
Shoals:3 3 runed translucent doors, fearitself's ghost, adept MiBe
Elf:2 Agnes


Innate Abilities, Weirdness & Mutations

You have very sharp teeth.
Your uncanny sense of smell can sniff out nearby items.
Your experience applies equally to all skills.
Your flesh is heat resistant. (rF+)


Message History

You barely miss Agnes.
Agnes is almost dead.
You block Agnes's attack.
Agnes hits you with a +2 vampiric lajatang!!
Agnes draws strength from your wounds!
You hit Agnes. Your bite misses Agnes.
Agnes is severely wounded.
Your shadow hits Agnes with a long sword.
Agnes closely misses you.
The +6 dagger hits you but does no damage.
Agnes closely misses you.
You closely miss Agnes. You bite Agnes, but do no damage.
Agnes is severely wounded.
Your shadow misses Agnes. The +6 dagger hits you.
Agnes hits you with a +2 vampiric lajatang!!
The +6 dagger hits you.
Agnes hits you with a +2 vampiric lajatang!!
* * * LOW HITPOINT WARNING * * *
Agnes draws strength from your wounds!
The +6 dagger hits you but does no damage.
Agnes hits you with a +2 vampiric lajatang!
* * * LOW HITPOINT WARNING * * *
Agnes draws strength from your wounds! Agnes attacks as you move away!
Agnes barely misses you. You block Agnes's attack.
You are confused.
You feel invigorated. Agnes misses you. Agnes closely misses you.
You bump into the rock wall.
Agnes completely misses you.
You hit Agnes. Your bite misses Agnes.
Agnes is heavily wounded.
Your shadow hits Agnes with a long sword.
Agnes says, "It is my duty to kill you, but also my pleasure."
Agnes hits you with a +2 vampiric lajatang!!
* * * LOW HITPOINT WARNING * * *
Agnes draws strength from your wounds! Agnes barely misses you.
You bump into the rock wall.
Agnes misses you. Agnes hits you but does no damage.
You bump into the rock wall.
Agnes hits you with a +2 vampiric lajatang!!
You die...

#.......###################.
######...P...'...................
.....'.......###############.....
######.......# #..... ##'#.....#
###.'# ##.######.# ###. ##...#
#.## ## ##.##.# #..###### #
##.###.# ##...@i(## #.## #.#
#.####..# '## #.. ##'##....# .
##. ##...##...# . .. #.....#...#
. #..e#..)..#...# .
#...#.....#...# . #...##...##...#
. ##. #####...##


You could see Agnes and a +6 dagger.

Vanquished Creatures
  Rupert (Lair:4)
  Mlioglotl (Spider:4)
  Kirke (Spider:3)
  A deep elf sorcerer (Elf:1)
  2 ghost moths
  5 emperor scorpions
  A stone giant (Shoals:1)
  2 very ugly things (IceCv)
  A broodmother (Spider:4)
  6 spark wasps
  Snorg (Lair:4)
  A deep elf death mage (Elf:2)
  4 merfolk javelineers
  5 merfolk impalers
  4 vault guards (D:14)
  2 entropy weavers
  3 boulder beetles
  2 radroaches
  2 rakshasas (D:15)
  3 ogre magi (Orc:2)
  2 hydras
  2 merfolk avatars
  A merfolk aquamancer (Shoals:4)
  An alligator snapping turtle (Shoals:3)
  3 jorogumos
  4 centaur warriors
  8 two-headed ogres
  3 satyrs
  7 death scarabs (Spider:4)
  4 dancing weapons
  Sonja (Orc:1)
  A sun demon (D:15)
  5 skeletal warriors (D:15)
  5 deep elf knights
  A glowing orange brain (D:15)
  2 sun moths
  6 pharaoh ants
  14 sea snakes
  4 skysharks
  3 goliath frogs (Lair:5)
  3 deep elf archers
  A lindwurm (Lair:5)
  A spriggan simulacrum (IceCv)
  2 spectral wolf spiders (Spider:4)
  6 bog bodies (IceCv)
  2 harpies (shapeshifter)
  6 steelbarb worms
  9 orb spiders
  2 wizards
  2 wolf spider zombies (Spider:4)
  16 harpies
  14 deep elf zephyrmancers
  A necromancer (IceCv)
  12 deep elf pyromancers
  10 cyclopes
  2 orc sorcerers
  8 elephants
  15 wolf spiders
  23 fauns
  16 ugly things
  5 moths of wrath
  5 merfolk sirens
  An oklob plant (Lair:4)
  14 manticores
  9 black mambas
  7 demonic crawlers
  7 torpor snails
  6 water nymphs
  A kobold demonologist (D:14)
  An efreet (D:15)
  7 spectral redbacks (Spider:4)
  3 anaconda simulacra (IceCv)
  2 rime drakes
  19 cane toads
  3 ice devils
  A golden dragon simulacrum (IceCv)
  14 freezing wraiths
  9 komodo dragons
  A tengu conjurer (D:14)
  2 redback zombies (Spider:4)
  4 hornets
  3 trolls
  A spectral culicivora (Spider:4)
  A spectral tarantella (Spider:4)
  2 meliai (D:15)
  A polar bear (Lair:5)
  Prince Ribbit (D:7)
  23 merfolk
  6 wind drakes
  A spectral jumping spider (Spider:4)
  8 dream sheep
  23 blink frogs
  4 snapping turtles
  26 tarantellas
  26 jumping spiders
  2 culicivora zombies (Spider:4)
  4 dire elephant simulacra (IceCv)
  10 slime creatures
  2 wraiths (D:12)
  16 culicivoras
  28 yaks
  3 shadows
  5 wyverns
  A culicivora (shapeshifter) (D:13)
  8 water elementals
  A hog (Spider:3)
  5 basilisks
  4 fire bats (D:11)
  2 fire elementals (D:12)
  Eustachio (D:5)
  40 redbacks
  A redback (shapeshifter) (D:15)
  7 vampire mosquitoes
  4 humans (D:14)
  2 harpy simulacra (IceCv)
  5 wargs
  2 minotaur simulacra (IceCv)
  An acid dragon (D:12)
  Duvessa (D:7)
  A hydra simulacrum (IceCv)
  15 water moccasins
  A floating eye (Lair:4)
  4 hell hounds
  10 orc warriors
  3 sky beasts
  3 black bears
  An ice beast (D:5)
  An ettin simulacrum (IceCv)
  3 alligator simulacra (IceCv)
  3 wolves (Lair:4)
  25 ogres
  2 phantoms
  8 centaurs
  3 kobold brigands
  2 gnoll sergeants
  13 bullfrogs
  A deep troll simulacrum (IceCv)
  2 earth elementals (Elf:2)
  4 scorpions
  Dowan (D:7)
  3 lindwurm simulacra (IceCv)
  19 killer bees
  2 electric eels
  4 howler monkeys
  11 crimson imps
  2 lava snakes (D:11)
  4 hounds
  12 orc priests
  2 gnoll boudas
  4 jellies
  A sleepcap (D:4)
  3 iguanas
  10 orc wizards
  20 gnolls
  13 adders
  A shadow imp (D:9)
  7 white imps
  3 ufetubi
  A worm (D:2)
  A dart slug (D:2)
  51 orcs
  7 endoplasms
  4 giant cockroaches
  10 goblins
  10 hobgoblins
  4 jackals
  4 quokkas
  8 ball pythons
  4 bats
  5 frilled lizards
  23 kobolds
  5 rats
  A fire vortex (D:11)
1043 creatures vanquished.

Vanquished Creatures (collateral kills)
  An orc warlord (Orc:2)
  Nessos (Lair:4)
  A hydra (D:13)
  An ugly thing (D:14)
  A dream sheep (Lair:4)
  A slime creature (D:13)
  2 yaks
  A vampire mosquito (D:13)
  A centaur (D:12)
  A bullfrog (D:9)
  A howler monkey (D:11)
  A gnoll (D:6)
  An orc (D:11)
14 creatures vanquished.

Vanquished Creatures (others)
  A broodmother (Spider:4)
  A vault guard (D:14)
  A hydra (Lair:3)
  An ogre mage (Orc:2)
  A merfolk aquamancer (Shoals:4)
  4 two-headed ogres
  A death yak (Lair:4)
  3 oklob plants (Lair:4)
  A wolf spider (Spider:1)
  A manticore (Shoals:2)
  A black mamba (Lair:5)
  A cane toad (Lair:1)
  A dream sheep (Lair:4)
  9 yaks
  8 humans
  4 vampire mosquitoes
  A redback (Spider:4)
  A water moccasin (Lair:5)
  An ogre (Orc:1)
  A centaur (D:12)
  2 orc priests (Orc:2)
45 creatures vanquished.

Grand Total: 1102 creatures vanquished

Notes
Turn   | Place    | Note
-------+----------+-------------------------------------------
     0 | D:1      | GimliDwarf the Gnoll Warper began the quest for the Orb.
     0 | D:1      | Reached XP level 1. HP: 20/20 MP: 6/6
   268 | D:1      | Reached XP level 2. HP: 23/26 MP: 7/7
   276 | D:1      | Learned a level 2 spell: Blink
   410 | D:1      | Found a faded altar of an unknown god.
   650 | D:1      | Reached skill level 5 in Spellcasting
   650 | D:1      | Reached XP level 3. HP: 18/31 MP: 7/9
   934 | D:2      | Reached skill level 1 in Invocations
   950 | D:2      | Learned a level 3 spell: Vhi's Electric Charge
   970 | D:2      | Reached skill level 1 in Short Blades
   970 | D:2      | Reached skill level 1 in Axes
   970 | D:2      | Reached skill level 1 in Maces & Flails
   970 | D:2      | Reached skill level 1 in Polearms
   970 | D:2      | Reached skill level 1 in Staves
   970 | D:2      | Reached skill level 1 in Ranged Weapons
   970 | D:2      | Reached skill level 1 in Stealth
   970 | D:2      | Reached skill level 1 in Shields
   970 | D:2      | Reached skill level 1 in Unarmed Combat
   970 | D:2      | Reached skill level 1 in Evocations
  1041 | D:2      | Reached XP level 4. HP: 22/38 MP: 11/11
  1405 | D:2      | Reached skill level 1 in Conjurations
  1405 | D:2      | Reached skill level 1 in Hexes
  1405 | D:2      | Reached skill level 1 in Summonings
  1405 | D:2      | Reached skill level 1 in Necromancy
  1405 | D:2      | Reached skill level 1 in Transmutations
  1405 | D:2      | Reached skill level 1 in Fire Magic
  1405 | D:2      | Reached skill level 1 in Ice Magic
  1405 | D:2      | Reached skill level 1 in Air Magic
  1405 | D:2      | Reached skill level 1 in Earth Magic
  1405 | D:2      | Reached skill level 1 in Poison Magic
  1800 | D:2      | Reached XP level 5. HP: 43/43 MP: 12/12
  2963 | D:4      | Found Saplakh's General Store.
  3011 | D:4      | Reached skill level 5 in Fighting
  3011 | D:4      | Reached skill level 5 in Long Blades
  3011 | D:4      | Reached skill level 5 in Dodging
  3011 | D:4      | Reached skill level 2 in Shields
  3011 | D:4      | Reached XP level 6. HP: 51/51 MP: 14/14
  3612 | D:4      | Reached XP level 7. HP: 43/56 MP: 15/15
  3694 | D:4      | Identified the amulet "Aqim" {Reflect rElec rC+ Int+2 SH+5}
  3743 | D:4      | Identified the +1 pair of boots of Exceptional Liberty
                  | {rF++}
  3865 | D:5      | Entered Level 5 of the Dungeon
  3992 | D:5      | Found a burning altar of Makhleb.
  4058 | D:5      | Noticed Eustachio
  4265 | D:5      | Reached skill level 3 in Shields
  4265 | D:5      | Reached XP level 8. HP: 54/63 MP: 16/16
  4650 | D:5      | Killed Eustachio
  4795 | D:6      | Found a white marble altar of Elyvilon.
  4795 | D:6      | Found a basalt altar of Yredelemnul.
  4795 | D:6      | Found a shadowy altar of Dithmenos.
  4795 | D:6      | Found an opulent altar of Gozag.
  4950 | D:6      | Became a worshipper of Dithmenos the Shadowed
  5104 | D:6      | Found a staircase to the Ecumenical Temple.
  5534 | D:6      | Learned a level 4 spell: Manifold Assault
  5538 | D:6      | Learned a level 3 spell: Call Canine Familiar
  5542 | D:6      | Learned a level 3 spell: Summon Guardian Golem
  5613 | D:6      | Reached XP level 9. HP: 69/69 MP: 14/18
  6150 | Temple   | Entered the Ecumenical Temple
  6167 | D:6      | Reached skill level 4 in Shields
  6174 | D:7      | Found Kumuj's Jewellery Shoppe.
  6219 | D:7      | Noticed Prince Ribbit
  6240 | D:7      | Killed Prince Ribbit
  6241 | D:7      | Reached skill level 5 in Throwing
  6241 | D:7      | Reached skill level 5 in Armour
  6627 | D:7      | Noticed Dowan
  6630 | D:7      | Noticed Duvessa
  6633 | D:7      | Killed Dowan
  6643 | D:7      | Killed Duvessa
  6725 | D:7      | Reached * piety under Dithmenos
  6726 | D:7      | Reached skill level 5 in Invocations
  7158 | D:8      | Found a staircase to the Lair.
  7200 | D:8      | Reached skill level 5 in Short Blades
  7200 | D:8      | Reached skill level 5 in Axes
  7200 | D:8      | Reached skill level 5 in Maces & Flails
  7200 | D:8      | Reached skill level 5 in Polearms
  7200 | D:8      | Reached skill level 5 in Staves
  7200 | D:8      | Reached skill level 5 in Ranged Weapons
  7200 | D:8      | Reached skill level 5 in Stealth
  7200 | D:8      | Reached skill level 5 in Shields
  7200 | D:8      | Reached skill level 5 in Unarmed Combat
  7200 | D:8      | Reached skill level 5 in Evocations
  7200 | D:8      | Reached XP level 10. HP: 46/77 MP: 9/20
  7402 | D:8      | Found Desum's Magic Scroll Shoppe.
  7410 | D:8      | Bought a scroll of identify for 28 gold pieces
  8623 | D:9      | Reached ** piety under Dithmenos
  9220 | D:9      | HP: 1/79 [killer bee (4)]
  9583 | D:9      | Noticed a centaur warrior
  9854 | D:9      | Killed a centaur warrior
  9855 | D:9      | Reached skill level 6 in Shields
  9999 | D:9      | Reached skill level 5 in Conjurations
  9999 | D:9      | Reached skill level 5 in Hexes
  9999 | D:9      | Reached skill level 5 in Summonings
  9999 | D:9      | Reached skill level 5 in Necromancy
  9999 | D:9      | Reached skill level 5 in Transmutations
  9999 | D:9      | Reached skill level 5 in Fire Magic
  9999 | D:9      | Reached skill level 5 in Ice Magic
  9999 | D:9      | Reached skill level 5 in Air Magic
  9999 | D:9      | Reached skill level 5 in Earth Magic
  9999 | D:9      | Reached skill level 5 in Poison Magic
  9999 | D:9      | Reached XP level 11. HP: 67/85 MP: 19/22
 10250 | D:10     | Entered Level 10 of the Dungeon
 10618 | D:10     | Reached *** piety under Dithmenos
 11027 | D:11     | Found a staircase to the Orcish Mines.
 11578 | D:12     | Found a basalt altar of Yredelemnul.
 11631 | D:12     | Noticed Azrael
 11688 | D:12     | Learned a level 4 spell: Anguish
 11693 | D:12     | Learned a level 4 spell: Cause Fear
 12179 | D:12     | Learned a level 4 spell: Airstrike
 13022 | D:8      | Bought a scroll of identify for 28 gold pieces
 13105 | D:13     | Reached skill level 7 in Shields
 13193 | D:13     | Noticed a seven-headed hydra
 13198 | D:13     | Killed an eight-headed hydra
 13198 | D:13     | Reached **** piety under Dithmenos
 13199 | D:13     | Reached XP level 12. HP: 83/94 MP: 20/24
 13978 | D:14     | Noticed a centaur warrior
 13983 | D:14     | Killed a centaur warrior
 14027 | D:14     | Noticed a boulder beetle
 14035 | D:14     | Killed a boulder beetle
 14565 | D:14     | Reached skill level 8 in Shields
 14684 | D:14     | Reached XP level 13. HP: 63/101 MP: 4/26
 14814 | D:14     | Noticed a vault guard
 14859 | D:14     | Killed a vault guard
 14915 | D:14     | Noticed a vault guard
 14919 | D:14     | Noticed a vault guard
 15012 | D:14     | Killed a vault guard
 15013 | D:14     | Killed a vault guard
 15079 | D:14     | Noticed a vault guard
 15217 | D:14     | Killed a vault guard
 15318 | D:14     | Noticed a vault guard
 15352 | D:14     | Killed a vault guard
 15894 | D:14     | Found a gate to the Vaults.
 16052 | Lair:1   | Entered Level 1 of the Lair of Beasts
 16141 | Lair:1   | Reached skill level 10 in Spellcasting
 17147 | Lair:2   | Reached skill level 10 in Fighting
 17147 | Lair:2   | Reached skill level 10 in Long Blades
 17147 | Lair:2   | Reached skill level 10 in Dodging
 17428 | Lair:2   | Reached ***** piety under Dithmenos
 17647 | Lair:2   | Reached skill level 9 in Shields
 18318 | Lair:3   | Found a staircase to the Shoals.
 18357 | Lair:3   | Found a hole to the Spider Nest.
 18750 | Lair:3   | Reached XP level 14. HP: 110/110 MP: 19/28
 18989 | Lair:4   | Found a staircase to the Slime Pits.
 18989 | Lair:4   | Found a viscous altar of Jiyva.
 19037 | Lair:4   | Noticed Nessos
 19117 | Lair:4   | Noticed Snorg
 19132 | Lair:4   | Killed Snorg
 19133 | Lair:4   | Reached skill level 10 in Invocations
 19543 | Lair:4   | Killed Nessos
 20269 | Lair:4   | Noticed Rupert
 20282 | Lair:4   | Paralysed by Rupert for 3 turns
 20326 | Lair:4   | Killed Rupert
 20559 | Lair:4   | Reached skill level 10 in Throwing
 20559 | Lair:4   | Reached skill level 10 in Armour
 20877 | Lair:4   | Gained mutation: Armour fits poorly on your strangely
                  | shaped body. [potion of mutation]
 20877 | Lair:4   | Gained mutation: Your flesh is cold resistant. (rC+)
                  | [potion of mutation]
 20878 | Lair:4   | Lost mutation: Your flesh is cold resistant. (rC+) [potion
                  | of mutation]
 20878 | Lair:4   | Lost mutation: Armour fits poorly on your strangely shaped
                  | body. [potion of mutation]
 20878 | Lair:4   | Gained mutation: You are clumsy. (Dex -2) [potion of
                  | mutation]
 20878 | Lair:4   | Gained mutation: Your magical capacity is low. (-10% MP)
                  | [potion of mutation]
 20878 | Lair:4   | Gained mutation: You are dopey. (Int -2) [potion of
                  | mutation]
 20878 | Lair:4   | Gained mutation: Your skin changes colour to match your
                  | surroundings (Stealth+). [potion of mutation]
 20879 | Lair:4   | Lost mutation: Your skin changes colour to match your
                  | surroundings (Stealth+). [potion of mutation]
 20879 | Lair:4   | Lost mutation: You are dopey. (Int -2) [potion of mutation]
 20879 | Lair:4   | Lost mutation: You are clumsy. (Dex -2) [potion of
                  | mutation]
 20879 | Lair:4   | Gained mutation: Your mind is acute. (Int +4, Str/Dex -1)
                  | [potion of mutation]
 20879 | Lair:4   | Lost mutation: Your mind is acute. (Int +4, Str/Dex -1)
                  | [potion of mutation]
 20879 | Lair:4   | Gained mutation: You are agile. (Dex +4, Str/Int -1)
                  | [potion of mutation]
 20880 | Lair:4   | Lost mutation: You are agile. (Dex +4, Str/Int -1) [potion
                  | of mutation]
 20880 | Lair:4   | Lost mutation: Your magical capacity is low. (-10% MP)
                  | [potion of mutation]
 20880 | Lair:4   | Gained mutation: Your flesh is heat resistant. (rF+)
                  | [potion of mutation]
 20919 | Lair:5   | Entered Level 5 of the Lair of Beasts
 21499 | Lair:5   | Reached skill level 10 in Translocations
 21645 | Lair:5   | Reached skill level 10 in Short Blades
 21645 | Lair:5   | Reached skill level 10 in Axes
 21645 | Lair:5   | Reached skill level 10 in Maces & Flails
 21645 | Lair:5   | Reached skill level 10 in Polearms
 21645 | Lair:5   | Reached skill level 10 in Staves
 21645 | Lair:5   | Reached skill level 10 in Ranged Weapons
 21645 | Lair:5   | Reached skill level 10 in Stealth
 21645 | Lair:5   | Reached skill level 10 in Shields
 21645 | Lair:5   | Reached skill level 10 in Unarmed Combat
 21645 | Lair:5   | Reached skill level 10 in Evocations
 21768 | Lair:5   | Reached XP level 15. HP: 118/118 MP: 15/30
 21851 | Lair:5   | Identified the +1 robe of the Arcane {Slay+6}
 21875 | Lair:5   | Identified the staff of death "Xuytate" {rPois rN+ Will+
                  | Int+3}
 21913 | Lair:5   | Reached ****** piety under Dithmenos
 22297 | Lair:5   | Identified the +4 chain mail "Weicud" {rF+}
 23084 | Orc:1    | Entered Level 1 of the Orcish Mines
 23084 | Orc:1    | Noticed Sonja
 23085 | Orc:1    | Killed Sonja
 23097 | Orc:1    | Found a radiant altar of Vehumet.
 23258 | Orc:2    | Entered Level 2 of the Orcish Mines
 23355 | Orc:2    | Noticed an orc warlord
 23637 | Orc:2    | Killed an orc warlord
 23657 | Orc:1    | Paralysed by an orc sorcerer for 5 turns
 24311 | Orc:2    | Found a staircase to the Elven Halls.
 24447 | Orc:2    | Found Cipsamewn's Assorted Antiques.
 24447 | Orc:2    | Found Eluwos's Armour Boutique.
 24448 | Orc:2    | Found Kanipp's Antique Weapon Boutique.
 24448 | Orc:2    | Found Butowu's Antique Weapon Emporium.
 24788 | Orc:2    | Learned a level 4 spell: Dispel Undead
 24794 | Orc:2    | Learned a level 5 spell: Arcjolt
 24884 | Orc:1    | Found Yrchud's Assorted Antiques.
 24979 | Orc:1    | Bought a runed buckler for 172 gold pieces
 25398 | D:7      | Bought a +4 ring of slaying for 1248 gold pieces
 25508 | Spider:1 | Entered Level 1 of the Spider Nest
 25899 | Spider:1 | HP: 6/120 [wolf spider (6)]
 26724 | Spider:1 | Identified the +2 ring mail "Wyxutuse" {rPois Str+5 Int-4}
 26814 | Spider:1 | Reached XP level 16. HP: 111/125 MP: 23/32
 26968 | Spider:1 | Learned a level 4 spell: Sticky Flame
 27080 | Spider:2 | Reached skill level 11 in Shields
 27094 | Spider:1 | Learned a level 4 spell: Flame Wave
 27099 | Spider:1 | Learned a level 4 spell: Petrify
 28834 | Spider:3 | Noticed Kirke
 28901 | Spider:3 | Killed Kirke
 28912 | Spider:3 | Identified the staff of cold "Cesch" {rElec rC+ Str+4
                  | Int+5}
 30701 | Spider:4 | Entered Level 4 of the Spider Nest
 31514 | Spider:4 | Noticed Mlioglotl
 32024 | Spider:4 | Reached XP level 17. HP: 131/132 MP: 33/33
 32220 | Spider:4 | Reached skill level 10 in Conjurations
 32220 | Spider:4 | Reached skill level 10 in Hexes
 32220 | Spider:4 | Reached skill level 10 in Summonings
 32220 | Spider:4 | Reached skill level 10 in Necromancy
 32220 | Spider:4 | Reached skill level 10 in Transmutations
 32220 | Spider:4 | Reached skill level 10 in Fire Magic
 32220 | Spider:4 | Reached skill level 10 in Ice Magic
 32220 | Spider:4 | Reached skill level 10 in Air Magic
 32220 | Spider:4 | Reached skill level 10 in Earth Magic
 32220 | Spider:4 | Reached skill level 10 in Poison Magic
 33036 | D:15     | Entered Level 15 of the Dungeon
 33077 | D:15     | Found an ancient bone altar of Kikubaaqudgha.
 33255 | D:15     | Found Jeymijes's General Store.
 33929 | D:8      | Bought a scroll of amnesia for 56 gold pieces
 33936 | D:8      | Learned a level 5 spell: Silence
 34512 | D:15     | Reached skill level 12 in Shields
 34951 | D:15     | Found a staircase to the Depths.
 35359 | Spider:4 | Noticed an Ice Fiend
 35362 | Spider:4 | Noticed a lich
 35517 | Shoals:1 | Entered Level 1 of the Shoals
 36298 | Shoals:1 | Identified the +6 sling "Josm" {drain, Fragile Will++ MP+9}
 36298 | Shoals:1 | Identified the +7 chain mail of the Original Sin {Int+5
                  | Slay+3}
 36410 | Shoals:2 | Found Fuhen's Weapon Emporium.
 37621 | Shoals:3 | Reached skill level 13 in Shields
 37628 | Shoals:3 | Reached XP level 18. HP: 143/143 MP: 32/35
 37682 | Shoals:3 | Found a runed translucent gate.
 37682 | Shoals:3 | Found a runed translucent gate.
 37683 | Shoals:3 | Found a runed translucent gate.
 37685 | Shoals:3 | Noticed fearitself's ghost (adept MiBe)
 38361 | Shoals:4 | Entered Level 4 of the Shoals
 38484 | Shoals:4 | Found a frozen archway.
 38488 | IceCv    | Entered an ice cave
 39200 | IceCv    | Found an ancient bone altar of Kikubaaqudgha.
 39373 | IceCv    | Noticed a lich
 40382 | Shoals:4 | HP: 2/124 [sea snake (16)]
 40608 | Shoals:4 | Reached skill level 14 in Shields
 41018 | Shoals:4 | Got a barnacled rune of Zot
 41374 | Spider:4 | Killed Mlioglotl
 41771 | Spider:4 | Paralysed by a jorogumo for 3 turns
 42750 | Spider:4 | Reached XP level 19. HP: 123/141 MP: 17/37
 43009 | Spider:4 | Reached XP level 20. HP: 152/154 MP: 38/38
 43020 | Spider:4 | Got a gossamer rune of Zot
 43363 | Elf:1    | Entered Level 1 of the Elven Halls
 43971 | Elf:1    | Got the Grimoire of the Gathered Volley
 44142 | Elf:1    | Found Geenn's Jewellery Shop.
 44143 | Elf:1    | Found Yrreics's Book Emporium.
 44144 | Elf:1    | Found Cempaxej's Jewellery Shop.
 44166 | Elf:1    | Bought a manual of Armour for 1280 gold pieces
 44168 | Elf:1    | Bought a ring of flight for 262 gold pieces
 44595 | Elf:2    | Reached skill level 15 in Shields
 44707 | Elf:2    | Found Oceol's General Store.
 44958 | Elf:2    | Noticed Agnes
 44979 | Elf:2    | Slain by Agnes

Illustrated notes

Levels and vault maps discovered:
D:1:      dpeg_chamrin_arrival_tetris, layout_basic,
          chequers_ecumenical_altar_simple_redux, kennysheep_crisscross
D:2:      layout_loops_cross, serial_rivers, chequers_serial_rivers_micro_c,
          chequers_serial_rivers_micro_c, chequers_serial_rivers_micro_a,
          chequers_serial_rivers_small_3, minmay_hexomino_c4
D:3:      layout_basic, kennysheep_boxes
D:4:      minmay_razor_zed, layout_gridville, serial_shops,
          nicolae_shop_rolling_square, grunt_ministairs_10, abandoned_shop
D:5:      layout_loops_ring, lightli_temple_of_fire, uniq_eustachio
D:6:      layout_layer_cave, chequers_temple_overflow_statue_of_worship,
          minmay_temple_entry_mini_moons, st_stairs_4
D:7:      layout_gridville, minmay_shop_enchanted_jewellery, uniq_duvessa,
          uniq_prince_ribbit1
D:8:      layout_basic, dpeg_oklobed_lair, serial_shops, shop
D:9:      minmay_distorted_concentric_squares, layout_basic, minmay_nine_imps
D:10:     layout_rooms
D:11:     layout_cave_pools, minmay_misc_feat_encased, hangedman_incinerator
D:12:     layout_irregular_city, gauntlet_entry_generic,
          yredelemnul_altar_generic, uniq_azrael
D:13:     layout_long_grid
D:14:     layout_gridville, ximxim_vaults_locker_room
D:15:     gammafunk_enter_depths_forms, layout_loops_corners, serial_shops,
          shop, kiku_gazebo_garden_becter, minmay_fire_ice_demons
Temple:   sentei_temple_godly_chess
Lair:1:   layout_hall_layers
Lair:2:   layout_roguey
Lair:3:   layout_gridlike, shoals_dummy_entry,
          hellmonk_spider_entry_life_and_decay, grunt_forest_small_clearings,
          grunt_megastairs_4
Lair:4:   cheibrodos_lair_river_kwai, layout_long_grid, slime_entry_1,
          dreamdust_mushroom_princess, disabler_island, uniq_nessos, uniq_snorg,
          uniq_rupert
Lair:5:   minmay_lair_end_frog_pond, layout_regular_city, lemuel_fruit_tree,
          serial_bayou_shore_b, serial_bayou_shore_a, lemuel_fruit_fields
Shoals:1: layout_shoals, st_shoals_ruin
Shoals:2: layout_shoals, nicolae_stop_n_shop_2
Shoals:3: layout_shoals, gammafunk_ghost_tricky_traps
Shoals:4: shoals_end_grunt_garden, layout_shoals,
          portal_ice_cave_entry_pillars_four
Spider:1: layout_spider_delve
Spider:2: layout_spider_delve, hangedman_spider_trapstep
Spider:3: layout_chambers, hangedman_spider_tarantella_strand, uniq_kirke
Spider:4: floodkiller_spider_rune_tomb, uniq_mlioglotl
Orc:1:    layout_caves, basic_altar, serial_shops, nicolae_diamond_shop,
          uniq_sonja
Orc:2:    st_orc_ogre_mass, layout_diamond_mine, minmay_orc_keep
Elf:1:    layout_gridlike, minmay_elf_sorcery, minmay_shop_grove,
          grunt_megastairs_3
Elf:2:    elven_hall_of_blades_hangedman_original
          [nicolae_blade_entry_antechamber], layout_geoelf_diagonals,
          serial_shops, shop, grunt_ministairs_6, uniq_agnes, uniq_louise

Skill      XL: |  1  2  3  4  5  6  7  8  9 10 11 12 13 14 15 16 17 18 19 20 |
---------------+-------------------------------------------------------------+-----
Spellcasting   | 5 6 7 8 9 10 11 12 13 14 | 14.4
Invocations    | 1 2 3 4 5 6 7 8 9 10 11 12 13 14 | 14.7
Short Blades   | 1 2 3 5 6 7 8 9 10 11 12 13 | 13.6
Axes           | 1 2 3 5 6 7 8 9 10 11 12 13 | 13.6
Maces & Flails | 1 2 3 5 6 7 8 9 10 11 12 13 | 13.6
Polearms       | 1 2 3 5 6 7 8 9 10 11 12 13 | 13.6
Staves         | 1 2 3 5 6 7 8 9 10 11 12 13 | 13.6
Ranged Weapons | 1 2 3 5 6 7 8 9 10 11 12 13 | 13.6
Stealth        | 1 2 3 5 6 7 8 9 10 11 12 13 | 13.6
Shields        | 1 2 3 5 6 7 8 9 10 11 13 14 15 | 15.1
Unarmed Combat | 1 2 3 5 6 7 8 9 10 11 12 13 | 13.6
Evocations     | 1 2 3 5 6 7 8 9 10 11 12 13 | 13.6
Conjurations   | 1 2 3 4 5 6 7 8 9 10 11 | 11.5
Hexes          | 1 2 3 4 5 6 7 8 9 10 11 | 11.5
Summonings     | 1 2 3 4 5 6 7 8 9 10 11 | 11.5
Necromancy     | 1 2 3 4 5 6 7 8 9 10 11 12 | 12.2
Transmutations | 1 2 3 4 5 6 7 8 9 10 11 | 11.5
Fire Magic     | 1 2 3 4 5 6 7 8 9 10 11 | 11.5
Ice Magic      | 1 2 3 4 5 6 7 8 9 10 11 | 11.5
Air Magic      | 1 2 3 4 5 6 7 8 9 10 11 | 11.5
Earth Magic    | 1 2 3 4 5 6 7 8 9 10 11 | 11.5
Poison Magic   | 1 2 3 4 5 6 7 8 9 10 11 | 11.5
Throwing       | 3 4 5 6 7 8 9 10 11 12 13 | 13.8
Armour         | 3 4 5 6 7 8 9 10 11 12 13 | 13.9
Fighting       | 5 6 7 8 9 10 11 12 13 14 | 14.3
Long Blades    | 5 6 7 8 9 10 11 12 13 14 | 14.3
Dodging        | 5 6 7 8 9 10 11 12 13 14 | 14.3
Translocations | 6 7 8 9 10 11 12 | 12.7

Action                     |  1- 3 |  4- 6 |  7- 9 | 10-12 | 13-15 | 16-18 | 19-21 || total
---------------------------+-------+-------+-------+-------+-------+-------+-------++-------
  Melee: Falchion          |   108 |    23 |       |       |       |       |       ||   131
         Bite              |     6 |    13 |    16 |    48 |   138 |   177 |    28 ||   426
         Punch             |     4 |     1 |     6 |    14 |     4 |       |       ||    29
         Long sword        |       |   131 |   157 |   448 |   930 |  1223 |   169 ||  3058
         Staff             |       |       |       |       |    19 |       |       ||    19
         Unarmed           |       |       |       |       |       |    38 |       ||    38
  Throw: Boomerang         |       |     5 |       |     2 |       |    26 |       ||    33
         Dart              |       |     6 |    51 |    25 |    81 |   144 |       ||   307
         Javelin           |       |       |       |    15 |       |    13 |       ||    28
         Throwing net      |       |       |       |     1 |       |     3 |       ||     4
   Cast: Vhi's Electric Ch |       |       |    21 |    70 |   136 |   183 |    16 ||   426
         Manifold Assault  |       |       |     2 |    16 |    53 |    18 |     1 ||    90
         Blink             |       |       |     2 |     1 |    21 |    16 |       ||    40
         Call Canine Famil |       |       |     1 |    19 |    55 |       |       ||    75
         Summon Guardian G |       |       |       |    14 |    44 |       |       ||    58
         Airstrike         |       |       |       |       |    11 |       |       ||    11
         Anguish           |       |       |       |       |    14 |     7 |       ||    21
         Cause Fear        |       |       |       |       |     6 |     1 |       ||     7
         Arcjolt           |       |       |       |       |     6 |    34 |     3 ||    43
         Sticky Flame      |       |       |       |       |       |    30 |       ||    30
         Flame Wave        |       |       |       |       |       |    23 |       ||    23
         Petrify           |       |       |       |       |       |     7 |       ||     7
         Silence           |       |       |       |       |       |     2 |     5 ||     7
 Invoke: Shadow Form       |       |       |       |       |       |     2 |       ||     2
         Shadow Step       |       |       |       |       |       |     1 |       ||     1
  Evoke: Phantom mirror    |       |       |       |     1 |     4 |     2 |       ||     7
         Wand              |       |       |       |     1 |    19 |    27 |     1 ||    48
         Lightning rod     |       |       |       |       |     3 |     4 |       ||     7
    Use: Potion            |       |     1 |       |     4 |    12 |    15 |     2 ||    34
         Scroll            |       |    10 |     9 |    10 |    13 |    12 |     1 ||    55
   Stab: Sleeping          |       |     7 |     2 |     2 |     3 |     2 |    20 ||    36
         Distracted        |       |       |       |     1 |     1 |     2 |       ||     4
         Invisible         |       |       |       |       |     6 |       |       ||     6
         Petrified         |       |       |       |       |       |    12 |       ||    12
         Held in net/web   |       |       |       |       |       |     1 |       ||     1
 Armour: Leather armour    |    31 |    61 |    56 |    88 |       |       |       ||   236
         Troll leather arm |       |       |       |   111 |   415 |   474 |    31 ||  1031
         Skin              |       |       |       |       |       |    17 |       ||    17
  Dodge: Dodged            |    59 |   127 |   143 |   581 |  1090 |  1273 |    97 ||  3370
  Block: Other             |       |       |    39 |   165 |    12 |       |       ||   216
         Reflection        |       |       |     2 |     8 |    10 |    77 |     3 ||   100
         Kite shield       |       |       |       |       |  1020 |       |       ||  1020
         Buckler           |       |       |       |       |   280 |  1281 |    81 ||  1642
